 Dungeon Crawl Stone Soup version 0.22-b1-26-g9dbaab1 (webtiles) character file.

115 Lilu the Conjurer (level 4, -1/24 HPs)
             Began as a Deep Elf Conjurer on Aug 7, 2018.
             Slain by a gnoll (5 damage)
             ... on level 3 of the Dungeon.
             The game lasted 00:05:48 (1942 turns).

Lilu the Conjurer (Deep Elf Conjurer)               Turns: 1942, Time: 00:05:49

Health: -1/24      AC:  3    Str:  6    XL:     4   Next: 68%
Magic:  1/10       EV: 13    Int: 20    God:
Gold:   51         SH:  0    Dex: 15    Spells: 6/9 levels left

rFire    . . .     SeeInvis .   t - +0 shortbow
rCold    . . .     Gourm    .   (shield currently unavailable)
rNeg     . . .     Faith    .   a - +0 robe
rPois    .         Spirit   .   r - +0 helmet
rElec    .         Reflect  .   (no cloak)
rCorr    .         Harm     .   (no gloves)
MR       .....                  (no boots)
Stlth    ++........             (no amulet)
HPRegen  0.08/turn              (no ring)
MPRegen  0.12/turn              (no ring)

@: no status effects
A: no striking features
a: no special abilities


You were on level 3 of the Dungeon.
You were not hungry.

You visited 1 branch of the dungeon, and saw 3 of its levels.

You collected 51 gold pieces.

Inventory:

Hand Weapons
 e - a +0 short sword
 t - a +0 shortbow (weapon)
Missiles
 b - 24 arrows (quivered)
 g - 65 sling bullets
Armour
 a - a +0 robe (worn)
 p - a +0 buckler
 r - a +0 helmet (worn)
Scrolls
 i - a scroll of identify {unknown}
 k - a scroll of blinking {unknown}
 l - a scroll of teleportation {unknown}
 m - a scroll of amnesia {unknown}
 o - a scroll of fog {unknown}
Potions
 d - a potion of magic {unknown}
 f - a potion of mutation {unknown}
 h - a potion of agility {unknown}
 j - 2 potions of heal wounds {unknown}
 n - a potion of cancellation {unknown}
 q - a potion of flight {unknown}
Comestibles
 c - 3 rations
 s - 3 chunks of flesh


   Skills:
 - Level 2.4 Dodging
 - Level 2.4 Stealth
 - Level 3.0 Spellcasting
 + Level 6.7 Conjurations


You had 6 spell levels left.
You knew the following spells:

 Your Spells              Type           Power        Failure   Level  Hunger
a - Magic Dart            Conj           ####         1%          1    None
b - Searing Ray           Conj           ####..       1%          2    ##.....

Your spell library contained the following spells:

 Spells                   Type           Power        Failure   Level  Hunger
 Iskenderun's Mystic Bla  Conj           ####....     9%          4    ####...
 Fulminant Prism          Conj/Hex       ###.......   34%         4    ####...
 Dazzling Spray           Conj/Hex       ###...       11%         3    ###....
 Force Lance              Conj/Tloc      ###.....     34%         4    ####...


Dungeon Overview and Level Annotations

Branches:
Dungeon (3/15)

Altars:
Elyvilon


Message History

The gnoll is almost dead.
The searing ray hits the gnoll.
The gnoll is almost dead.
The searing ray hits the gnoll.
You kill the gnoll!
You finish channeling your searing ray.
Casting: Searing Ray (safe; 1% risk of failure)
Confirm with . or Enter, or press ? or * to list all spells.
Aiming: Searing Ray (safe; 1% risk of failure)
Press: ? - help, Shift-Dir - straight line, f/p - gnoll
Aim: a gnoll The searing ray hits the gnoll.
You kill the gnoll! (Press . to maintain the ray.)
The searing ray hits the gnoll.
The gnoll is heavily wounded.
The searing ray hits the gnoll.
The gnoll is almost dead.
The gnoll hits you.
You die...

### ..# ####.# .(.#.#
..#.# ### .)#.# ..# ##
#)#.# #.#.. #g#.##
#.#.# .##.##@#..##
...< .........>..#
..#### ###(###.#####.#
...#.###.###.###.###.#
.#..#.#.#.#.#.#.#.#..#
....#.#.#.#.#.#.#.#..#
...###.###.###.###.###
#### ### ### ### ###


You could see a gnoll.

Vanquished Creatures
  3 gnolls
  2 adders
  2 worms
  2 dart slugs (D:2)
  3 leopard geckos (D:1)
  2 giant cockroaches (D:2)
  5 goblins
  6 hobgoblins
  2 jackals (D:3)
  A quokka (D:3)
  3 ball pythons
  7 bats
  2 frilled lizards
  6 kobolds
  11 rats
57 creatures vanquished.

Notes
Turn   | Place    | Note
-------+----------+-------------------------------------------
     0 | D:1      | Lilu the Deep Elf Conjurer began the quest for the Orb.
     0 | D:1      | Reached XP level 1. HP: 10/10 MP: 6/6
   178 | D:1      | Reached XP level 2. HP: 15/15 MP: 4/8
   188 | D:1      | Reached skill level 5 in Conjurations
   370 | D:1      | Learned a level 2 spell: Searing Ray
   419 | D:1      | Reached XP level 3. HP: 14/19 MP: 2/9
   907 | D:2      | Found a white marble altar of Elyvilon.
   936 | D:2      | Found a faded altar of an unknown god.
  1176 | D:2      | Reached skill level 6 in Conjurations
  1298 | D:2      | Reached XP level 4. HP: 24/24 MP: 7/10
  1942 | D:3      | Slain by a gnoll

Skill      XL: |  1  2  3 |
---------------+----------+-----
Conjurations   | 5 6 |  6.7
Dodging        | |  2.4
Stealth        | |  2.4
Spellcasting   | |  3.0

Action                   |  1- 3 |  4- 6 || total
-------------------------+-------+-------++-------
Melee: Short sword       |     4 |       ||     4
 Fire: Shortbow          |       |     1 ||     1
 Cast: Magic Dart        |    63 |    22 ||    85
       Searing Ray       |     2 |     4 ||     6
 Stab: Sleeping          |     2 |       ||     2
  Eat: Chunk             |     1 |     2 ||     3
Armor: Robe              |       |     3 ||     3
Dodge: Dodged            |     6 |     8 ||    14
